 Dungeon Crawl Stone Soup version 0.22.0-38-g04b72b8 (webtiles) character file.

92 Lew the Ducker (level 4, -1/31 HPs)
             Began as an Octopode Fighter on Aug 29, 2018.
             Slain by a gnoll
             ... wielding a cursed -3 spear
              (4 damage)
             ... on level 2 of the Dungeon.
             The game lasted 00:02:13 (1387 turns).

Lew the Ducker (Octopode Fighter)                   Turns: 1387, Time: 00:02:16

Health: -1/31      AC:  1    Str: 16    XL:     4   Next: 60%
Magic:  4/4        EV:  6    Int: 10    God:
Gold:   73         SH:  0    Dex: 11    Spells: 3/3 levels left

rFire    . . .     SeeInvis .   a - +0 war axe
rCold    . . .     Gourm    .   b - +0 shield
rNeg     . . .     Faith    .   (helmet restricted)
rPois    .         Spirit   .   (no amulet)
rElec    .         Reflect  .   (no ring)
rCorr    .         Harm     .   (no ring)
MR       .....                  (no ring)
Stlth    +++.......             (no ring)
HPRegen  0.10/turn              (no ring)
MPRegen  0.09/turn              (no ring)
                                (no ring)
                                (no ring)

@: lethally poisoned (-1 -> -7), held
A: almost no armour, stealthy swim, amphibious, 8 rings, constrict 8, camouflage
1, gelatinous body 1
a: no special abilities


You were on level 2 of the Dungeon.
You were hungry.

You visited 1 branch of the dungeon, and saw 2 of its levels.

You collected 73 gold pieces.

Inventory:

Hand Weapons
 a - a +0 war axe (weapon)
Armour
 b - a +0 shield (worn)
Wands
 i - a wand of clouds (7)
Scrolls
 e - 5 scrolls of identify
 g - a scroll of amnesia {unknown}
 j - a scroll of blinking
Potions
 c - 2 potions of might
 f - 2 potions of degeneration {unknown}
 h - a potion of heal wounds {unknown}
Comestibles
 d - 2 rations


   Skills:
 + Level 3.2 Fighting
 + Level 2.3 Axes
 * Level 3.7 Dodging
 * Level 3.1 Stealth
 * Level 3.5 Shields


You had 3 spell levels left.
You didn't know any spells.
Your spell library contained the following spells:

 Spells                   Type           Power        Failure   Level  Hunger
 Animate Skeleton         Necr           N/A          86%         1    ##.....
 Apportation              Tloc           #.....       86%         1    ##.....
 Confusing Touch          Hex            #.....       86%         1    ##.....
 Summon Small Mammal      Summ           #...         86%         1    ##.....


Dungeon Overview and Level Annotations

Branches:
Dungeon (2/15)

Altars:
Elyvilon

Annotations:
D:2 1 runed door


Innate Abilities, Weirdness & Mutations

You cannot wear most types of armour.
You are very stealthy in the water. (Stealth+)
You are amphibious.
You can wear up to eight rings at the same time.
You can use your tentacles to constrict eight enemies at once.
Your skin changes colour to match your surroundings (Stealth+).
Your rubbery body absorbs attacks. (AC +1, EV +1)


Message History

A goblin comes into view. It is wielding a dagger.
The adder bites you.
You are poisoned.
The adder poisons you!
You hear a shout!
You struggle against the net.
You feel sick. The rat bites you. The adder bites you.
You are more poisoned.
The adder poisons you! The gnoll barely misses you. The gnoll hits you!
Unknown command.
Okay, then.
As you read the scroll labeled HUNAXULIRR, it crumbles to dust.
It is a scroll of identify.
j - a scroll of blinking You feel sick.
The adder bites you.
* * * LOW HITPOINT WARNING * * *
The rat completely misses you.
The gnoll throws a stone.
The stone hits you.
* * * LOW HITPOINT WARNING * * *
The gnoll hits you from afar with an enchanted spear.
You die...

## .###### ......#
.####.### ########
...##...#####†.....#
....#.#.......####'###
....#.....#####......##
_.....##### #..S@.....#
....#.## #...SrggS...#
....#..# #.......g....#
...##..# #..g#####....#
.####..###.... #...#
........##... ...#
.........#.. ...#
........##.. ##
.....<..#


You could see 3 gnolls, 3 adders, a goblin and a rat.

Vanquished Creatures
  Terence (D:2)
  An adder (D:2)
  An adder skeleton (D:2)
  2 worms (D:2)
  4 dart slugs
  4 leopard geckos
  3 bats
  2 bat skeletons (D:2)
  A giant cockroach (D:1)
  3 goblins
  3 hobgoblins
  A quokka (D:2)
  2 frilled lizards
  4 kobolds
  A quokka skeleton (D:2)
  8 rats
41 creatures vanquished.

Notes
Turn   | Place    | Note
-------+----------+-------------------------------------------
     0 | D:1      | Lew the Octopode Fighter began the quest for the Orb.
     0 | D:1      | Reached XP level 1. HP: 16/16 MP: 1/1
   120 | D:1      | Reached skill level 1 in Stealth
   120 | D:1      | Reached XP level 2. HP: 18/21 MP: 2/2
   780 | D:2      | Reached XP level 3. HP: 26/26 MP: 3/3
   783 | D:2      | Found a white marble altar of Elyvilon.
  1139 | D:2      | Found a runed door.
  1181 | D:2      | Reached XP level 4. HP: 31/31 MP: 4/4
  1182 | D:2      | Noticed Terence
  1189 | D:2      | Killed Terence
  1387 | D:2      | Slain by a gnoll

Skill      XL: |  1  2  3  4 |
---------------+-------------+-----
Stealth        | 1 2 3 |  3.1
Fighting       | |  3.2
Axes           | |  2.3
Dodging        | |  3.7
Shields        | |  3.5

Action                   |  1- 3 |  4- 6 || total
-------------------------+-------+-------++-------
Melee: War axe           |    52 |    11 ||    63
       Constrict         |    19 |     3 ||    22
       Tentacles         |    12 |     2 ||    14
  Use: Scroll            |       |     1 ||     1
 Stab: Sleeping          |     7 |     1 ||     8
  Eat: Chunk             |       |     1 ||     1
Armor: Skin              |     2 |     1 ||     3
Dodge: Dodged            |    23 |    10 ||    33
Block: Shield            |    17 |     2 ||    19
